Cogmind - Beta 15 --- EXPLORER MODE // 2025.05.30 @ 21:48:45 Player: Goofy__J Result: Destroyed by S-27 Virus with Autogun Performance ------------- Evolutions (3) 1500 Regions Visited (7) 1400 Robots Destroyed (47) 235 Value Destroyed (1674) 1674 Prototype IDs (5) 100 Alien Tech Used (0) 0 Bonus (200) 200 TOTAL SCORE: 5109 Bonus ------- Pacifist 200 Cogmind --------- Core Integrity 0/700 Matter 300/300 Energy 138/160 System Corruption 3% Temperature Warm (132) Movement Walking (190) Ox1 Location -7/Lower Caves Parts ------- > --- POWER (2) -------- Light Nuclear Core > --- PROPULSION (3) --- Aluminum Leg > --- UTILITY (6) ------ Weapon Cycler ECM Suite > --- WEAPON (3) ------- Heavy Flail > --- INVENTORY (5) ---- (None) Peak State ------------ > --- POWER ------------ Micro Nuclear Core Micro Nuclear Core > --- PROPULSION ------- Carbon-fiber Leg Carbon-fiber Leg Myomer Leg > --- UTILITY ---------- Improved Heat Sink High-capacity Battery Weapon Cycler Weapon Cycler Improved Light Armor Plating System Shield > --- WEAPON ----------- Lightning Gun Lightning Gun Lightning Gun > --- INVENTORY -------- Aluminum Leg Improved Heat Sink ECM Suite Arc Projector Heavy Flail [Rating: 52] Favorites ----------- Power Ion Engine Engine Ion Engine Power Core Micro Nuclear Core Propulsion Improved Aluminum Leg Treads Light Treads Leg Improved Aluminum Leg Utility High-capacity Battery Device Improved Heat Sink Storage High-capacity Battery Hackware System Shield Protection Core Shielding Weapon EM Pulse Gun Energy Gun EM Pulse Gun Energy Cannon Particle Cannon Ballistic Gun Autogun Impact Weapon Heavy Flail Special Melee Weapon Datajack Build | -11 -10 -10 -9 -9 -8 -7 -7 ------- Run | Yrd Mat Min Mat Sto Mat Fac Low Slots Evolved 7 | . 1 . 2 . 2 2 . Power 1 | . . . . . . 1 . Propulsion 1 | . . . . . 1 . . Utility 4 | . 1 . 1 . 1 1 . Weapon 1 | . . . 1 . . . . Parts Attached 46 | 8 . . 2 4 9 19 4 Power 8 | 1 . . . 1 . 5 1 Engine 3 | 1 . . . 1 . 1 . Core 5 | . . . . . . 4 1 Reactor . | . . . . . . . . Propulsion 12 | 2 . . . 2 4 3 1 Treads 2 | 2 . . . . . . . Leg 10 | . . . . 2 4 3 1 Wheel . | . . . . . . . . Hover . | . . . . . . . . Flight . | . . . . . . . . Utility 12 | 3 . . 1 . 4 3 1 Device 7 | 1 . . . . 3 2 1 Storage 1 | . . . 1 . . . . Processor . | . . . . . . . . Hackware 1 | . . . . . 1 . . Protection 3 | 2 . . . . . 1 . Artifact . | . . . . . . . . Weapon 14 | 2 . . 1 1 1 8 1 Energy Gun 9 | 2 . . 1 . 1 4 1 Energy Cannon 1 | . . . . 1 . . . Ballistic Gun 2 | . . . . . . 2 . Ballistic Cannon . | . . . . . . . . Launcher . | . . . . . . . . Special Weapon . | . . . . . . . . Impact Weapon 1 | . . . . . . 1 . Slashing Weapon . | . . . . . . . . Piercing Weapon . | . . . . . . . . Special Melee Weapon 1 | . . . . . . 1 . Unidentified Prototypes . | . . . . . . . . Corrupted Parts 2 | . . . . . 1 . 1 System Corruption 4 | . . . . . 2 . 2 Parts Lost 25 | . . . . . 8 2 15 Power 4 | . . . . . 1 1 2 Propulsion 5 | . . . . . 2 . 3 Utility 9 | . . . . . 2 1 6 Weapon 7 | . . . . . 3 . 4 Highest Loss Streak 13 | . . . . . 7 1 13 To Critical Strikes . | . . . . . . . . Average Backups 4 | 1 1 4 4 5 4 3 3 Power . | . 1 1 1 1 . . . Propulsion . | . . . . 1 . 1 . Utility 1 | . . 2 2 3 2 1 . Weapon . | . . 1 . . . . 1 Tool/Special . | . . . . . . . . Unused Backups 3 | . . . . 2 . 1 . Power 1 | . . . . 1 . . . Propulsion 1 | . . . . 1 . . . Utility 1 | . . . . . . 1 . Weapon . | . . . . . . . . Tool/Special . | . . . . . . . . Average Slot Usage (%) 95 | . 100 100 99 98 90 96 76 Engine 7 | . 12 12 10 9 8 6 . Core 2 | . . . . . . 6 8 Treads 7 | . 25 25 20 4 . . . Leg 13 | . . . . 15 22 20 15 Device 14 | . 12 12 10 10 12 21 20 Storage 7 | . . . 10 10 8 7 4 Hackware 3 | . . . . . 6 7 7 Protection 14 | . 25 25 20 20 9 6 4 Energy Gun 19 | . 25 25 29 24 13 9 12 Energy Cannon 1 | . . . . 4 6 . . Special Melee Weapon 1 | . . . . . . 4 . Peak Build Rating 52 | 7 8 8 10 14 22 46 52 Average Rating 19 | 5 8 8 9 12 19 31 35 On Entrance 14 | . 7 8 8 10 14 22 46 Naked Turns . | . . . . . . . . Heaviest Build 38 | 11 12 12 18 22 24 38 34 Greatest Support 55 | 40 40 40 40 40 39 43 55 Greatest Overweight (x) 1 | . . . . 1 1 . 1 Average Overweight (x) . | . . . . . . . . Largest Inventory Capacity 5 | 5 5 5 5 5 5 5 5 Average Capacity 5 | 5 5 5 5 5 5 5 5 Most Carried 5 | 2 4 5 5 5 5 5 5 Average Carried 4 | 1 1 4 4 4 4 3 3 Final Capacity 5 | 5 5 5 5 5 5 5 5 Final Carried 5 | 2 4 5 5 5 5 5 . Class Distribution -------------------- 50% | Hacker-Tank 29% | Hacker-Mutant 18% | Scavenger-Mutant Dominant Class ---------------- Hacker-Mutant | -10/Materials Hacker-Mutant | -10/Mines Hacker-Tank | -9/Materials Hacker-Tank | -9/Storage Hacker-Tank | -8/Materials Scavenger-Mutant | -7/Factory Hacker-Tank | -7/Lower Caves Resources | -11 -10 -10 -9 -9 -8 -7 -7 ----------- Run | Yrd Mat Min Mat Sto Mat Fac Low Matter Collected 875 | 177 113 . 20 80 197 106 182 Remotely . | . . . . . . . . Salvage Created 1906 | . . . 457 502 401 326 220 Parts 119 | . . . 33 37 17 25 7 Haulers Intercepted . | . . . . . . . . Recyclers Shooed 1 | . . . . 1 . . . Parts Field Recycled . | . . . . . . . . Retrieved Matter . | . . . . . . . . Parts Self-Destructed . | . . . . . . . . Prevented . | . . . . . . . . Kills | -11 -10 -10 -9 -9 -8 -7 -7 ------- Run | Yrd Mat Min Mat Sto Mat Fac Low Combat Hostiles Destroyed 42 | . . . 9 11 7 8 7 Melee 1 | . . . . . . . 1 Guns 27 | . . . 8 5 3 8 3 Cannons 9 | . . . . 6 3 . . AOE 1 | . . . 1 . . . . Classes Destroyed 6 | . . . 4 . . 2 . Watcher 5 | . . . 3 1 1 . . Swarmer 11 | . . . 2 2 . 2 5 Grunt 22 | . . . 4 6 7 3 2 Sentry 7 | . . . 3 3 . 1 . Hunter 1 | . . . . . . 1 . Programmer 1 | . . . . . . 1 . Best Kill Streak 7 | . . . 7 3 3 3 4 Combat Bots Only 4 | . . . 3 3 3 3 4 Max Kills in Single Turn 1 | . . . 1 1 1 1 1 Gunslinging . | . . . . . . . . Exploded 1 | . . . 1 . . . . Melee 1 | . . . . . . . 1 Uniques/NPCs Destroyed . | . . . . . . . . Combat | -11 -10 -10 -9 -9 -8 -7 -7 -------- Run | Yrd Mat Min Mat Sto Mat Fac Low Hostile Shots Fired 452 | . . . 38 25 90 122 177 Missed 119 | . . . 17 9 18 44 31 Hits 333 | . . . 21 16 72 78 146 Projectile 333 | . . . 21 16 72 78 146 Critical Strikes 10 | . . . 1 . 2 2 5 Actively Blocked 2 | . . . . . 1 1 . Damage Taken 3167 | . . . 164 110 781 533 1579 Core 990 | . . . 18 29 241 98 604 Absorbed by Shields 6 | . . . . 6 . . . Redirected to Shielding 61 | . . . 8 6 26 21 . Ignored by Resistances 1844 | . . . 105 74 424 341 900 Regen/Repaired (Parts) 109 | . . . . 109 . . . Core Remaining (%) 86 | 100 . 100 . 88 56 . . Volleys Fired 108 | . . . 17 18 34 30 9 Largest 3 | . . . 3 3 3 3 3 Hottest 165 | . . . 130 158 158 165 165 Shots Fired 241 | . . . 51 50 64 48 28 Gun 215 | . . . 51 40 48 48 28 Cannon 26 | . . . . 10 16 . . Launcher . | . . . . . . . . Special . | . . . . . . . . Kinetic 11 | . . . . . . 11 . Thermal 131 | . . . 17 25 55 34 . Explosive . | . . . . . . . . Electromagnetic 99 | . . . 34 25 9 3 28 Robot Hit Streak 17 | . . . 17 15 17 10 9 Robot Miss Streak 2 | . . . 1 1 2 1 2 Penetration Max . | . . . . . . . . Secondary Targets 1 | . . . . . . . 1 Max Gunslinging Chain 1 | . . . . . . . 1 Shots Hit Robots 191 | . . . 41 32 50 40 28 Core Hits 79 | . . . 19 18 16 18 8 Critical Kills . | . . . . . . . . Critical Parts Destroyed 1 | . . . . . . . 1 Critical Strikes 8 | . . . 2 1 2 2 1 Burn 7 | . . . 2 1 2 2 . Smash 1 | . . . . . . . 1 Melee Attacks 12 | . . . . . . 6 6 Impact 6 | . . . . . . . 6 Slashing . | . . . . . . . . Piercing . | . . . . . . . . Sneak Attacks 6 | . . . . . . 6 . Combat Hostiles . | . . . . . . . . Follow-up Attacks . | . . . . . . . . Damage Inflicted 3486 | . . . 714 498 879 685 710 Guns 2568 | . . . 559 313 612 685 399 Cannons 452 | . . . . 185 267 . . Explosions 155 | . . . 155 . . . . Melee 300 | . . . . . . . 300 Ramming 11 | . . . . . . . 11 Kinetic 164 | . . . . . . 164 . Thermal 1823 | . . . 291 261 750 521 . Explosive . | . . . . . . . . Electromagnetic 1188 | . . . 423 237 129 . 399 Impact 300 | . . . . . . . 300 Slashing . | . . . . . . . . Piercing . | . . . . . . . . Highest Corruption 3 | . . . . . 2 1 3 Average Corruption 1 | . . . . . 2 1 1 Corruption Purged . | . . . . . . . . Corruption Blocked . | . . . . . . . . Effects 10 | . . . . . 4 3 3 Message Errors 1 | . . . . . . . 1 Matter Fused 2 | . . . . . 1 1 . Heat Flow Errors 2 | . . . . . 1 . 1 Data Loss (minor) 2 | . . . . . 1 1 . Data Loss (major) 1 | . . . . . . 1 . Misfires 1 | . . . . . . . 1 Weapon Failures 1 | . . . . . 1 . . Overload Shots . | . . . . . . . . Overflow Damage 134 | . . . . . 14 . 120 Projectiles 14 | . . . . . 14 . . Explosions . | . . . . . . . . Melee 120 | . . . . . . . 120 Knockbacks . | . . . . . . . . Impact . | . . . . . . . . Kinetic . | . . . . . . . . Secondary . | . . . . . . . . Self-Inflicted Damage 22 | . . . 22 . . . . Shots 1 | . . . 1 . . . . Rammed 1 | . . . . . . . 1 Targets Rammed 3 | . . . . . . . 3 Kicked 2 | . . . . . . . 2 Crushed . | . . . . . . . . Highest Temperature 761 | . . . 298 273 606 72 761 Average Temperature 183 | . . . 116 79 268 15 374 Received Heat Transfer 1650 | . . . 114 42 639 288 567 Effects 38 | . . . . 1 18 . 19 Shutdowns 10 | . . . . . 4 . 6 Energy Bleed 3 | . . . . 1 1 . 1 Interference 2 | . . . . . 1 . 1 Matter Decay 3 | . . . . . 2 . 1 Short Circuit 5 | . . . . . 2 . 3 Damage (minor) 3 | . . . . . 2 . 1 Damage (major) 10 | . . . . . 5 . 5 Damage (core) 2 | . . . . . 1 . 1 Siege Activations . | . . . . . . . . Martial Activations . | . . . . . . . . Shielding Activations . | . . . . . . . . Robots Disrupted . | . . . . . . . . Combat Hostiles . | . . . . . . . . Robots Corrupted 3 | . . . . . . . 3 Combat Hostiles 3 | . . . . . . . 3 Parts Fried 9 | . . . 2 2 . . 5 Impact Corruptions 5 | . . . . . . . 5 Robots Melted 1 | . . . . . 1 . . Combat Hostiles 1 | . . . . . 1 . . Parts Melted 11 | . . . . . 7 4 . Heat Transferred 4363 | . . . 755 629 1776 1203 . Parts Sabotaged . | . . . . . . . . Parts Stolen . | . . . . . . . . Parts Stripped . | . . . . . . . . Power Chain Reactions 2 | . . . 2 . . . . Alert | -11 -10 -10 -9 -9 -8 -7 -7 ------- Run | Yrd Mat Min Mat Sto Mat Fac Low Maximum Alert Level . | . . . . . . . . Low Security (%) 100 | 100 100 100 100 100 100 100 . Level 1 . | . . . . . . . . Level 2 . | . . . . . . . . Level 3 . | . . . . . . . . Level 4 . | . . . . . . . . Level 5 . | . . . . . . . . High Security . | . . . . . . . . Max Security . | . . . . . . . . Peak Influence 95 | . 10 2 83 95 75 75 . Initial 24 | . . 2 . 24 14 7 . Average 15 | . . . 18 19 22 13 . Influence Increases 1190 | . 10 . 248 273 245 214 200 Destroy 0b10 Robot/C 840 | . . . 180 220 140 160 140 Destroy 0b10 Robot/NC 25 | . . . 15 5 5 . . Destroy Leader 170 | . . . 46 42 32 50 . Successful Hack 18 | . 10 . . 1 7 . . Disable Machine 4 | . . . . . . 4 . Destroy Structure 13 | . . . 7 5 1 . . Partial Spotted 15 | . . . . . 15 . . Lose Combat Pursuer 105 | . . . . . 45 . 60 Influence Decreases 1150 | . . 10 165 306 273 236 160 Entered New Map 118 | . . 8 . 59 36 15 . Time Decay 857 | . . 2 165 247 157 211 75 Lost Part 175 | . . . . . 80 10 85 Squads Dispatched 5 | . . . . 1 2 2 . Investigation . | . . . . . . . . Extermination 1 | . . . . . . 1 . Reinforcement 4 | . . . . 1 2 1 . Assault . | . . . . . . . . Garrison . | . . . . . . . . Intercept . | . . . . . . . . Searches Triggered . | . . . . . . . . Construction Impeded 1 | . . . . . 1 . . Haulers Reinforced . | . . . . . . . . Active Scanning Responses . | . . . . . . . . Cargo Convoy Interrupts . | . . . . . . . . Stealth | -11 -10 -10 -9 -9 -8 -7 -7 --------- Run | Yrd Mat Min Mat Sto Mat Fac Low Distress Signals 4 | . . . 2 . 1 1 . Communications Jammed . | . . . . . . . . Distress Signals . | . . . . . . . . Times Spotted 73 | . . . 14 12 15 10 22 Peak Tracking Total 13 | . . . 3 3 6 4 13 Tactical Retreats 6 | . . . . . 2 . 4 Traps | -11 -10 -10 -9 -9 -8 -7 -7 ------- Run | Yrd Mat Min Mat Sto Mat Fac Low Traps Triggered 2 | . . . . 2 . . . Indirectly . | . . . . . . . . Trap Hack Attempts . | . . . . . . . . Triggered . | . . . . . . . . Disarmed . | . . . . . . . . Reprogrammed . | . . . . . . . . Reused . | . . . . . . . . Traps Extracted . | . . . . . . . . Installed . | . . . . . . . . Triggered . | . . . . . . . . Machines | -11 -10 -10 -9 -9 -8 -7 -7 ---------- Run | Yrd Mat Min Mat Sto Mat Fac Low Machines Disabled 1 | . . . . . . 1 . Max in Single Turn 1 | . . . . . . 1 . Machines Repaired . | . . . . . . . . Machines Dismantled . | . . . . . . . . Machines Sabotaged . | . . . . . . . . Overloaded Fab Kills . | . . . . . . . . Hacking | -11 -10 -10 -9 -9 -8 -7 -7 --------- Run | Yrd Mat Min Mat Sto Mat Fac Low Machines Accessed 14 | . 1 . 3 4 3 2 1 Terminals 9 | . 1 . 2 3 2 1 . Fabricators . | . . . . . . . . Repair Stations 1 | . . . . 1 . . . Recycling Units 2 | . . . . . 1 1 . Scanalyzers 1 | . . . 1 . . . . Garrison Access . | . . . . . . . . Total Hacks 43 | . 3 . 7 18 7 6 2 Successful 26 | . 1 . 5 11 4 3 2 Failed 17 | . 2 . 2 7 3 3 . Catastrophic 1 | . . . . . 1 . . Database Lockouts . | . . . . . . . . Manual 5 | . . . . . 5 . . Terminals 25 | . 3 . 3 9 6 4 . Fabricators . | . . . . . . . . Repair Stations 9 | . . . . 9 . . . Recycling Units 3 | . . . . . 1 2 . Scanalyzers 4 | . . . 4 . . . . Garrison Access . | . . . . . . . . Terminal Hacks 14 | . 1 . 1 4 3 3 2 Record 6 | . . . . 1 . 3 2 Part Schematic 1 | . . . . 1 . . . Prototype ID Bank 2 | . 1 . . . 1 . . Open Door 1 | . . . . 1 . . . Level Access Points 1 | . . . . . 1 . . Branch Access Points 1 | . . . 1 . . . . Recall Reinforcements 1 | . . . . . 1 . . Hauler Manifests 1 | . . . . 1 . . . Fabricator Hacks . | . . . . . . . . Repair Station Hacks 7 | . . . . 7 . . . Scan Component 4 | . . . . 4 . . . Repair 3 | . . . . 3 . . . Recycling Unit Hacks 1 | . . . . . 1 . . Report Inventory 1 | . . . . . 1 . . Scanalyzer 4 | . . . 4 . . . . Insert Component 2 | . . . 2 . . . . Analyze 2 | . . . 2 . . . . Garrison Access Hacks . | . . . . . . . . Unauthorized Hacks . | . . . . . . . . Terminals . | . . . . . . . . Fabricators . | . . . . . . . . Repair Stations . | . . . . . . . . Recycling Units . | . . . . . . . . Scanalyzers . | . . . . . . . . Garrison Access . | . . . . . . . . Data Cores Recovered . | . . . . . . . . Used . | . . . . . . . . Hacking Detections 12 | . 1 . 3 4 2 2 . Full Trace Events . | . . . . . . . . Feedback Events . | . . . . . . . . Feedback Blocked . | . . . . . . . . Robot Schematics Acquired . | . . . . . . . . Robots Built . | . . . . . . . . Authchips . | . . . . . . . . Time . | . . . . . . . . Total Robot Build Rating . | . . . . . . . . Part Schematics Acquired 3 | . . . 2 1 . . . Parts Built . | . . . . . . . . Authchips . | . . . . . . . . Time . | . . . . . . . . Total Part Build Rating . | . . . . . . . . Parts Repaired 3 | . . . . 3 . . . Time 84 | . . . . 84 . . . Parts Recycled . | . . . . . . . . Recycled Matter . | . . . . . . . . Retrieved Matter . | . . . . . . . . Retrieved Components . | . . . . . . . . Parts Scanalyzed 2 | . . . 2 . . . . Part Schematics Acquired 2 | . . . 2 . . . . Parts Damaged . | . . . . . . . . Bothacking | -11 -10 -10 -9 -9 -8 -7 -7 ------------ Run | Yrd Mat Min Mat Sto Mat Fac Low Used RIF Installer . | . . . . . . . . Robots Hacked 5 | . . . . . . 5 . Non-combat 5 | . . . . . . 5 . Combat . | . . . . . . . . Robot Hacks Applied 6 | . . . . . . 6 . parse_system 1 | . . . . . . 1 . no_distress 2 | . . . . . . 2 . find_chute 3 | . . . . . . 3 . Relay Couplers Released . | . . . . . . . . Fabnet Peak Effective % . | . . . . . . . . Robots Rewired . | . . . . . . . . Allies Hacked . | . . . . . . . . Hacks Repelled . | . . . . . . . . Allies | -11 -10 -10 -9 -9 -8 -7 -7 -------- Run | Yrd Mat Min Mat Sto Mat Fac Low Total Allies . | . . . . . . . . Largest Group . | . . . . . . . . Highest-Rated Group . | . . . . . . . . Highest-Rated Ally . | . . . . . . . . Total Orders . | . . . . . . . . Ally Attacks . | . . . . . . . . Total Damage . | . . . . . . . . Kills . | . . . . . . . . Allies Corrupted . | . . . . . . . . Allies Melted . | . . . . . . . . Intel | -11 -10 -10 -9 -9 -8 -7 -7 ------- Run | Yrd Mat Min Mat Sto Mat Fac Low Active Infowar (turns) 2280 | 46 217 77 414 660 149 682 35 Seismic 1563 | 46 217 77 414 660 149 . . ECM 717 | . . . . . . 682 35 Robot Analysis Total . | . . . . . . . . Derelict Logs Recovered 1 | . . 1 . . . . . Drone Launches . | . . . . . . . . Drone Recoveries . | . . . . . . . . Exploration | -11 -10 -10 -9 -9 -8 -7 -7 ------------- Run | Yrd Mat Min Mat Sto Mat Fac Low Turns Passed 2718 | 89 217 77 414 660 295 724 242 Spaces Moved 1415 | 49 134 48 212 250 135 442 145 Core 10 | 2 . . . . . . 8 Treads 520 | 47 134 48 212 79 . . . Legs 885 | . . . . 171 135 442 137 Wheels . | . . . . . . . . Hover . | . . . . . . . . Flight . | . . . . . . . . Fastest Speed 50 | 50 160 160 160 120 120 120 50 Average Speed 135 | 155 160 160 160 132 124 120 120 Slowest Speed 190 | 160 160 160 160 190 190 120 190 Overloaded Moves . | . . . . . . . . Propulsion Burnouts . | . . . . . . . . Robots Hopped . | . . . . . . . . Potential Cave-ins . | . . . . . . . . Cave-ins Triggered . | . . . . . . . . Exploration Rate (%) 22 | 4 26 25 26 45 15 11 26 Regions Visited 7 Branch Regions 3 Pre-discovered Areas . | . . . . . . . . Known Exits Taken 7 | 1 1 1 1 1 1 1 . Unknown Exits Taken . | . . . . . . . . Scrap Searched 2 | . . 1 . . . . 1 Spaces Dug . | . . . . . . . . Terrain Destroyed 6 | . . . 6 . . . . Melee . | . . . . . . . . Projectile . | . . . . . . . . AOE 6 | . . . 6 . . . . Terrain Rammed . | . . . . . . . . Walls Destroyed . | . . . . . . . . Machines Disabled . | . . . . . . . . Actions | -11 -10 -10 -9 -9 -8 -7 -7 --------- Run | Yrd Mat Min Mat Sto Mat Fac Low Total 2003 | 58 137 48 249 536 200 584 191 Wait 369 | . . . 17 249 19 67 17 Move 1408 | 48 133 47 211 249 134 441 145 Hop . | . . . . . . . . Pick Up 17 | 2 3 1 2 2 3 4 . Fast Attach 37 | 7 . . . 7 5 15 3 Attach 15 | . 1 . 2 . 3 4 5 Detach 2 | . . . . . . 1 1 Swap 7 | 1 . . . 1 2 3 . Drop 20 | . . . . 5 . 13 2 Fire 108 | . . . 17 18 34 30 9 Melee 12 | . . . . . . 6 6 Ram 1 | . . . . . . . 1 Kick 2 | . . . . . . . 2 Crush . | . . . . . . . . Escape Stasis 5 | . . . . 5 . . . Rewire . | . . . . . . . . Trap . | . . . . . . . . Miscellaneous . | . . . . . . . . Route ------- -11/Scrapyard -10/Materials -10/Mines (discovered 2 exits: *Mat / Exi) -9/Materials (discovered 2 exits: Min / *Sto) -9/Storage -8/Materials (discovered 3 exits: *Fac x3) -7/Factory -7/Lower Caves History --------- Turn | Location | Event 24 | -11/Scrapyard | Identified exit to Materials 24 | -11/Scrapyard | Discovered exit to Materials (range 15) 90 | -11/Scrapyard | Entered Materials 90 | -10/Materials | Evolved 1 slot: Utility x1 259 | -10/Materials | Identified exit to Mines 259 | -10/Materials | Discovered exit to Mines (range 10) 301 | -10/Materials | Build established: Hacker-Mutant 307 | -10/Materials | Entered Mines 325 | -10/Mines | Identified exit to Exiles 377 | -10/Mines | Identified exit to Materials 377 | -10/Mines | Discovered exit to Materials (range 5) 384 | -10/Mines | Entered Materials 384 | -9/Materials | Evolved 2 slots: Utility x1, Weapon x1 560 | -9/Materials | Identified exit to Mines 560 | -9/Materials | Identified exit to Storage 691 | -9/Materials | Build established: Hacker-Tank 798 | -9/Materials | Entered Storage 1183 | -9/Storage | Repaired Ion Engine 1211 | -9/Storage | Repaired Med. Laser 1244 | -9/Storage | Repaired Particle Cannon 1449 | -9/Storage | Identified exit to Materials 1449 | -9/Storage | Discovered exit to Materials (range 5) 1458 | -9/Storage | Entered Materials 1458 | -8/Materials | Evolved 2 slots: Propulsion x1, Utility x1 1739 | -8/Materials | Identified exit to Factory 1740 | -8/Materials | Lost 7 parts (1p2n2u2w) 1753 | -8/Materials | Entered Factory 1753 | -7/Factory | Evolved 2 slots: Power x1, Utility x1 2222 | -7/Factory | Build established: Scavenger-Mutant 2468 | -7/Factory | Identified exit to Lower Caves 2468 | -7/Factory | Discovered exit to Lower Caves (range 9) 2477 | -7/Factory | Entered Lower Caves 2507 | -7/Lower Caves | Entered a destroyed Warlord outpost 2590 | -7/Lower Caves | Attracted the attention of an 0b10 base 2625 | -7/Lower Caves | Core integrity fell below 50% 2634 | -7/Lower Caves | Core integrity fell below 20% 2660 | -7/Lower Caves | Lost 13 parts (2p3n4u4w) 2719 | -7/Lower Caves | Destroyed by S-27 Virus with Autogun Last Messages --------------- Destroyed VTOL Module. S-27 Virus system corrupted by crushing effect. S-27 Virus destroyed. Acquired 47 matter. G-47 Trooper suffers critical hit (Smash). Destroyed Aluminum Leg. G-47 Trooper system corrupted by crushing effect. G-47 Trooper system terminally corrupted. Imp. Heat Sink fried. Aluminum Leg fried. Acquired 8 matter. Acquired Corrupted Lgt. Nuclear Core. Integrated Corrupted Lgt. Nuclear Core (+2). Corrupted Lgt. Nuclear Core temporarily disabled. Acquired 10 matter. System corrupted: Heat flow error (+257). Broken Weapon Cycler destroyed. System Shield destroyed. Map ----- +----------------------------------------------------+ | ??????????????????????????????????## ?? "# | | ????????????????????????????????### #" $ | | ????????????????????????????????# #" = | | ????????????????????????????????# #?? " | | ????????????????????????????????# +???? "" | | ????????????????????????????????? +??? " | | ?????????????????????????????????? #??? ""??? | | ??????????????????????????????????? #?????????? | | ???????????????????????????????????? #?????????? | | ????????????????????????????????????#$ #?????????? | | ????????????????????????????????????# #?????????? | | ????????????????????????????????????# ########//# | | ????????????????????????????????????# | | ???????????????????????????????????## | | ??????????????????????????????????## ## | | ????????????????????????????####### #? | | ????????????????????????????# # | | ????????????????????????????# ## | | ????????????????????????????# ##### ### ##? | | ????????????????????????????# #??# ## ##?####?? | | ??????????????????????????###%#?# ######???????? | | ??????????????????????????# ### #????????????? | | ??????????????????????????# ### ????????????? | | ?????????????????????????## #?# #????????????? | | ????????????????????# ### #?# ##????????????? | | ????????????????????# @ ##?##??????????????? | | ????????????????????# ##??????????????????? | | ????????????????????# #???????????????????? | | ???????????????????# #??????????????????? | | ???????????????????## ?????????????????? | | ????????????????????# ????????????????? | | ????????????????????# ??????????????? | | ???????????????????# ## ?????????????? | | ??????????????????#g #?# #????????????? | | ????????????????? g #??# #????????????? | | ????????????????? ### #??? #????????????? | | ???????????????? g #??#ss##???? #????????????? | | ???????????????? #??? s#?????? ????????????? | | ?????????????????? ???? ???????????????????? | | ????????????????????? ???? ???????????????????? | | ?????????????????????????? ????????????????????? | | ?????????????????????????????????????????????????? | | ?????????????????????????????????????????????????? | | ?????????????????????????????????????????????????? | | ?????????????????????????????????????????????????? | | ?????????????????????????????????????????????????? | | ?????????????????????????????????????????????????? | | ?????????????????????????????????????????????????? | | ?????????????????????????????????????????????????? | | ?????????????????????????????????????????????????? | +----------------------------------------------------+ Best States ------------- Heat Dissipation 62 Energy Generation 26 Energy Capacity 590 Matter Stores 300 Matter Capacity 300 Sight Range 16 Terrain Scan Density 10 ECM Strength 1 Armor Coverage 150 Resistance: KI 35 Resistance: TH 35 Resistance: EX 35 Resistance: EM 35 Resistance: I 35 Resistance: S 35 Resistance: P 35 Core Shielding 20 Power Shielding 33 Weapon Cycling 30 Evasion (%) 55 Recoil Reduction 2 Offensive Hacking 20 Defensive Hacking 10 Item Schematics ----------------- Signal Interpreter | -9/Materials | Scanalyzed Heat Sink | -9/Materials | Scanalyzed Transmission Jammer | -9/Storage | Hacked Robot Schematics ------------------ None Fabricated ------------ Nothing Repaired ---------- Ion Engine | 73% | -9/Storage Med. Laser | 61% | -9/Storage Particle Cannon | 40% | -9/Storage Alien Tech Used ----------------- None Achievements -------------- None Challenges ------------ None Game ------ Seed EfficiencyBladeScanner Manual? 0 Play Time 00:38:55 Cumulative 12.1 hours Start 2025.05.30 @ 21:12:36 End 2025.05.30 @ 21:48:45 Sessions 1 Manual Loads 0 Difficulty Explorer Special Mode None Game No. 17 Rogue 6 Adventurer 5 Explorer 6 Win Type - Total 0 Types 0/0/0/0/0/0/0/0/0/0 Lore% 3 Gallery% 19 Achievement% 19 Wizard Run 0 Options --------- Layout 2 ASCII 0 Keyboard 0 Movement Mouse Keybinds 0 Fullscreen 1 Font 32/Cog Map View 50x49 Zoom Use 0% Tactical HUD 0 Map Filters NONE Filters NONE Steam 1 RUN: 07e14ffe-78a7-4bd4-b4b4-5459f3beedb0